 Dungeon Crawl Stone Soup version 0.19.0-19-g8c6edcc (webtiles) character file.

69 KarmaPolice the Charmwright (level 4, -7/34 HPs)
             Began as a Vampire Skald on Nov 14, 2016.
             Mangled by Crazy Yiuf
             ... wielding a +3 quarterstaff of chaos
              (13 damage)
             ... on level 2 of the Dungeon.
             The game lasted 00:03:38 (3242 turns).

KarmaPolice the Charmwright (Vampire Skald)         Turns: 3242, Time: 00:03:38

Health: -7/34      AC:  3    Str: 11    XL:     4   Next: 2%
Magic:  4/7        EV: 11    Int: 14    God:
Gold:   74         SH:  0    Dex: 14    Spells: 4 memorised, 0 levels left

rFire  . . .     SeeInvis +     a - +0 falchion
rCold  + . .     Gourm    .     b - +0 leather armour
rNeg   + + .     Faith    .     (no shield)
rPois  +         Spirit   .     (no helmet)
rElec  .         Reflect  .     (no cloak)
rCorr  .         Harm     .     (no gloves)
MR     .....                    (no boots)
Stlth  ++........               (no amulet)
                                (no ring)
                                (no ring)

@: infused, regenerating slowly
A: fangs 3, see invisible, unbreathing
a: Bat Form


You were on level 2 of the Dungeon.
You were near bloodless.

You visited 1 branch of the dungeon, and saw 3 of its levels.

You collected 74 gold pieces.

Inventory:

Hand Weapons
 a - a +0 falchion (weapon)
Armour
 b - a +0 leather armour (worn)
Jewellery
 j - an uncursed amulet of magic regeneration {unknown}
 l - an uncursed ring of stealth {unknown}
Scrolls
 f - a scroll of teleportation {unknown}
 i - a scroll of identify {unknown}
 n - a scroll of magic mapping {unknown}
 o - a scroll of noise {unknown}
Potions
 d - 6 potions of blood
 e - a potion of heal wounds {unknown}
 g - 3 potions of might {unknown}
 h - 2 potions of curing {unknown}
 k - a potion of flight {unknown}
 m - a potion of lignification {unknown}
 p - a potion of magic {unknown}
Books
 c - a book of Battle

   Spells                             Type                      Level
   a - Infusion                       Charms                       1
   b - Shroud of Golubria             Charms/Translocation         2
   c - Song of Slaying                Charms                       2
   d - Spectral Weapon                Hexes/Charms                 3
   e - Regeneration                   Charms/Necromancy            3


   Skills:
 + Level 2.3 Fighting
 + Level 2.8 Long Blades
 - Level 0.7 Armour
 - Level 1.1 Dodging
 + Level 2.5 Spellcasting
 + Level 4.1 Charms


You couldn't memorise any spells.
You knew the following spells:

 Your Spells              Type           Power        Failure   Level  Hunger
a - Infusion              Chrm           ##..         8%          1    #......
b - Shroud of Golubria    Chrm/Tloc      #.........   21%         2    ###....
c - Song of Slaying       Chrm           ##......     10%         2    ###....
d - Regeneration          Chrm/Necr      #.........   38%         3    ###....


Dungeon Overview and Level Annotations

Branches:
Dungeon (3/15)

Altars:

Annotations:
D:2 Crazy Yiuf


Innate Abilities, Weirdness & Mutations

You heal slowly.
You have razor-sharp teeth.
You have supernaturally acute eyesight. (SInv)
You can survive without breathing.


Message History

You hit Crazy Yiuf.
Crazy Yiuf is moderately wounded.
Crazy Yiuf whimpers, "Whippet meccalolo canine!"
Your shroud bends Crazy Yiuf's attack away.
You hit Crazy Yiuf.
Crazy Yiuf is heavily wounded.
Your shroud bends Crazy Yiuf's attack away!
You hit Crazy Yiuf but do no damage.
Crazy Yiuf is heavily wounded.
Crazy Yiuf hits you with a quarterstaff of chaos!
Your shroud falls apart!
You hit Crazy Yiuf.
Crazy Yiuf is heavily wounded.
Crazy Yiuf hits you with a quarterstaff of chaos!
You convulse!
* * * LOW HITPOINT WARNING * * *
You hit Crazy Yiuf.
Crazy Yiuf is severely wounded.
Crazy Yiuf hits you with a quarterstaff of chaos!
You die...

####..............###[#
#.......########### #.#
#.##.##.# #.# #.#######
##.### #.# #).... #.#
#####. #.### #####
###### #. #...# #)..###
##P.#.###. #####
#g@.'.####.P....##.
#...##..#.P.....##.
########.#.P.#.....
#########.## #.#
################# #.#
#.....##..#.#.#.# #.#
#.###.##......#.# #.#
#.# #.##.>......# #.#


You could see Crazy Yiuf.

Vanquished Creatures
  2 adders (D:2)
  2 oozes
  2 worms (D:2)
  A dart slug (D:2)
  2 leopard geckos (D:2)
  4 bats
  3 giant cockroaches
  3 goblins (D:1)
  4 hobgoblins
  3 kobolds (D:1)
  3 frilled lizards
  3 rats
32 creatures vanquished.

Notes
Turn   | Place    | Note
-------+----------+-------------------------------------------
     0 | D:1      | KarmaPolice the Vampire Skald began the quest for the Orb.
     0 | D:1      | Reached XP level 1. HP: 16/16 MP: 3/3
   511 | D:1      | Reached XP level 2. HP: 21/22 MP: 5/5
  1017 | D:1      | Learned a level 2 spell: Shroud of Golubria
  1020 | D:1      | Learned a level 2 spell: Song of Slaying
  1578 | D:2      | Found a runed door.
  1797 | D:2      | Reached XP level 3. HP: 27/27 MP: 1/6
  2822 | D:2      | Reached skill level 4 in Charms
  2835 | D:2      | Reached XP level 4. HP: 19/34 MP: 2/7
  2841 | D:2      | Learned a level 3 spell: Regeneration
  3233 | D:2      | Noticed Crazy Yiuf
  3242 | D:2      | Mangled by Crazy Yiuf

Skill      XL: |  1  2  3 |
---------------+----------+-----
Fighting       | 2 |  2.3
Charms         | 4 |  4.1
Long Blades    | |  2.8
Armour         | |  0.7
Dodging        | |  1.1
Spellcasting   | |  2.5

Action                   |  1- 3 |  4- 6 || total
-------------------------+-------+-------++-------
Melee: Falchion          |   132 |     7 ||   139
       Bite              |    15 |     1 ||    16
 Cast: Infusion          |     5 |     1 ||     6
       Song of Slaying   |     3 |       ||     3
       Shroud of Golubri |     2 |     1 ||     3
  Use: Potion            |     3 |       ||     3
 Stab: Sleeping          |     1 |     1 ||     2
Armor: Leather armour    |    36 |       ||    36
Dodge: Dodged            |    82 |     2 ||    84
       Rpst.: Falchion   |    24 |     2 ||    26
